 Dungeon Crawl Stone Soup version 0.21-a0-1-gaf3b9a5 (webtiles) character file.

1072 Monsterracer the Martial Artist (level 8, -2/56 (57) HPs)
             Began as a Merfolk Transmuter on May 20, 2017.
             Slain by an ogre
             ... wielding a +0 giant club
              (15 damage)
             ... on level 6 of the Dungeon.
             The game lasted 00:22:20 (6982 turns).

Monsterracer the Martial Artist (MfTm)              Turns: 6982, Time: 00:22:21

HP:   -2/56 (57)    AC:  2    Str: 10    XL:     8   Next: 28%
MP:   0/11          EV: 23    Int: 14    God:
Gold: 315           SH:  0    Dex: 20    Spells: 1/11 levels left

rFire    . . .     SeeInvis .     - Unarmed
rCold    . . .     Gourm    .   (shield currently unavailable)
rNeg     . . .     Faith    .   (armour currently unavailable)
rPois    x         Spirit   .   (helmet currently unavailable)
rElec    .         Reflect  .   (cloak currently unavailable)
rCorr    .         Harm     .   (gloves currently unavailable)
MR       .....                  (boots currently unavailable)
Stlth    ++........             h - amulet of rage
Regen    0.2/turn               n - ring of wizardry
MPRegen  0.2/turn               w - ring of wizardry

@: spider-form, very slightly contaminated
A: (change form in water), (swift swim), (stealthy swim)
a: End Transformation, Evoke Berserk Rage


You were on level 6 of the Dungeon.
You were hungry.
You were a venomous arachnid creature.
You visited 1 branch of the dungeon, and saw 6 of its levels.

You collected 315 gold pieces.

Inventory:

Missiles
 a - 135 arrows
Armour
 b - a +0 robe
 l - a +4 ring mail (melded)
 t - a +2 pair of gloves of dexterity (melded)
 y - a +1 cloak (melded)
Jewellery
 f - an uncursed ring of see invisible
 h - an amulet of rage (around neck)
 k - an uncursed ring of protection from magic
 n - a ring of wizardry (left front leg)
 w - a ring of wizardry (right front leg)
Wands
 r - a wand of paralysis (19/24)
Scrolls
 i - 4 scrolls of teleportation
 j - a scroll of immolation
 q - 5 scrolls of identify
 v - a scroll of remove curse
Potions
 g - a potion of lignification
 m - a potion of might
 o - 5 potions of curing
 u - 3 potions of heal wounds
Books
 c - a book of Changes

   Spells                             Type                      Level
   a - Beastly Appendage              Transmutation                1
   b - Sticks to Snakes               Transmutation                2
   c - Spider Form                    Transmutation/Poison         3
   d - Ice Form                       Ice/Transmutation            4
   e - Blade Hands                    Transmutation                5
 e - a book of Minor Magic

   Spells                             Type                      Level
   a - Magic Dart                     Conjuration                  1
   b - Blink                          Translocation                2
   c - Call Imp                       Summoning                    2
   d - Slow                           Hexes                        2
   e - Conjure Flame                  Conjuration/Fire             3
   f - Mephitic Cloud                 Conjuration/Poison/Air       3
Comestibles
 d - 5 bread rations
 p - 2 meat rations
 s - a fruit
 x - 5 chunks of flesh


   Skills:
 + Level 2.7 Fighting
 + Level 4.3 Dodging
 * Level 8.2 Unarmed Combat
 - Level 2.0 Spellcasting
 + Level 7.5 Transmutations


You had one spell level left.
You knew the following spells:

 Your Spells              Type           Power        Failure   Level  Hunger
a - Spider Form           Tmut/Pois      ##........   10%         3    ####...
b - Sticks to Snakes      Tmut           ###.....     1%          2    ###....
c - Blade Hands           Tmut           ###.......   16%         5    ######.


Dungeon Overview and Level Annotations

Branches:
Dungeon (6/15)
 Temple: D:4-7

Altars:
Ashenzari
Dithmenos
Hepliaklqana

Shops:
D:4 ?   D:5 [}

Annotations:
D:4 Frank's ghost, amateur GrFi


Message History

Your +1 cloak melds into your body.
Your +2 pair of gloves of dexterity melds into your body.
Your +4 ring mail melds into your body.
You feel clumsy. The ogre completely misses you.
Press: ? - help, v - describe, . - travel
Here: an ogre, wielding a giant club A stone staircase leading up.
You bite the ogre!
The ogre is poisoned.
The ogre is moderately wounded.
The ogre hits you with a giant club!!
* * * LOW HITPOINT WARNING * * *
Unknown command.
You hit the ogre.
The ogre is heavily wounded.
Some of the chunks of flesh in your inventory have rotted away.
You hit the ogre.
The ogre looks as sick as possible!
The ogre is heavily wounded.
The ogre hits you with a giant club!
You die...

#...............#
#..#.#####......#######.
# #.# ####.........>.
#.# #........... #.#
+.)......... #..
#:.........# #[# #
#.........## #.#
#..####......# ..#
#....sO......#
#.#####......# #......#
#......# #......#
########


You could see an ogre.

Vanquished Creatures
  A necrophage (D:5)
  A sky beast (D:5)
  A phantom (D:5)
  2 centaurs (D:5)
  A scorpion (D:5)
  A howler monkey (D:5)
  3 crimson imps
  3 hounds
  An orc priest (D:4)
  Crazy Yiuf (D:2)
  2 worker ants
  6 adders
  A shadow imp (D:5)
  An adder skeleton (D:4)
  5 worms
  A dart slug (D:2)
  5 leopard geckos
  5 orcs
  A ball python (D:1)
  6 giant cockroaches
  10 goblins
  4 hobgoblins
  14 jackals
  3 quokkas
  13 bats
  3 frilled lizards
  A jackal skeleton (D:4)
  5 kobolds
  A quokka skeleton (D:5)
  10 rats
112 creatures vanquished.

Vanquished Creatures (collateral kills)
  2 scorpions
  Robin (D:3)
  3 adders
  An adder zombie (D:5)
  A dart slug (D:2)
  7 goblins (D:3)
  A hobgoblin (D:3)
16 creatures vanquished.

Grand Total: 128 creatures vanquished

Notes
Turn   | Place    | Note
-------+----------+-------------------------------------------
     0 | D:1      | Monsterracer the Merfolk Transmuter began the quest for the Orb.
     0 | D:1      | Reached XP level 1. HP: 15/15 MP: 3/3
   218 | D:1      | Reached XP level 2. HP: 21/21 MP: 3/5
   223 | D:1      | Learned a level 2 spell: Sticks to Snakes
   505 | D:1      | Reached skill level 4 in Unarmed Combat
   727 | D:1      | Reached XP level 3. HP: 26/26 MP: 6/6
  1388 | D:2      | Reached XP level 4. HP: 21/32 MP: 7/7
  1716 | D:2      | Learned a level 3 spell: Spider Form
  2352 | D:2      | Found a runed door.
  3457 | D:3      | Reached skill level 5 in Unarmed Combat
  3462 | D:3      | Noticed Robin
  3462 | D:3      | Reached XP level 5. HP: 25/37 MP: 1/8
  3470 | D:3      | Killed Robin
  3470 | D:3      | Reached skill level 5 in Transmutations
  4391 | D:4      | Noticed Frank's ghost (amateur GrFi)
  4752 | D:4      | Found Xaewu's Magic Scroll Boutique.
  4903 | D:4      | Reached XP level 6. HP: 43/43 MP: 3/9
  4972 | D:4      | Found a hazy altar of Hepliaklqana.
  5033 | D:4      | Reached skill level 6 in Unarmed Combat
  5114 | D:4      | Found a shadowy altar of Dithmenos.
  5360 | D:4      | Found a shattered altar of Ashenzari.
  5387 | D:5      | Entered Level 5 of the Dungeon
  5556 | D:5      | Noticed a phantom
  5589 | D:5      | Killed a phantom
  5589 | D:5      | Reached XP level 7. HP: 42/48 MP: 5/10
  5631 | D:5      | Learned a level 5 spell: Blade Hands
  5641 | D:5      | Found Ipaluwe's Quality Used Wands.
  5672 | D:5      | Found Yfroam's Antique Armour Shop.
  5682 | D:5      | Reached skill level 7 in Unarmed Combat
  5701 | D:5      | Identified a scroll of acquirement
  5926 | D:5      | Reached XP level 8. HP: 22/56 MP: 1/11
  6363 | D:2      | Reached skill level 8 in Unarmed Combat
  6515 | D:2      | Noticed Crazy Yiuf
  6518 | D:2      | Killed Crazy Yiuf
  6982 | D:6      | Slain by an ogre

Vault maps used:
D:1:      wheals_arrival_shading
D:2:      cheibrodos_helix_gallery, first_bread, serial_forest,
          infiniplex_forest_lined_2, infiniplex_forest_straight_5,
          infiniplex_forest_lined_2, infiniplex_forest_clump_large,
          infiniplex_forest_straight_2, infiniplex_forest_diagonal,
          infiniplex_forest_straight_2, infiniplex_forest_join,
          uniq_crazy_yiuf_cottage
D:3:      serial_glass, glass_columns_a, glass_columns_c, uniq_robin
D:4:      nicolae_dithmenos_shadow_blocks, kennysheep_mini_moat,
          kennysheep_mini, serial_shops, shop
D:5:      serial_shops, shop, nicolae_for_you_no_charge
D:6:      marbit_many_paths, lemuel_doored_altar,
          minmay_temple_entry_statues_pillars, gup_sewer_entry_spiral

Skill      XL: |  1  2  3  4  5  6  7  8 |
---------------+-------------------------+-----
Transmutations | 3 4 5 6 7 |  7.5
Unarmed Combat | 4 5 6 7 8 |  8.2
Dodging        | 3 4 |  4.3
Fighting       | 2 |  2.7
Spellcasting   | |  2.0

Action                   |  1- 3 |  4- 6 |  7- 9 || total
-------------------------+-------+-------+-------++-------
Melee: Unarmed           |    87 |   250 |    82 ||   419
       Headbutt          |     4 |     4 |       ||     8
       Punch             |     1 |     2 |     3 ||     6
       Tailslap          |     3 |       |       ||     3
 Cast: Beastly Appendage |     7 |     7 |       ||    14
       Sticks to Snakes  |     5 |    16 |     3 ||    24
       Spider Form       |       |     9 |     3 ||    12
       Blade Hands       |       |       |     8 ||     8
  Use: Potion            |     2 |     3 |       ||     5
       Scroll            |       |    12 |     3 ||    15
 Stab: Sleeping          |     3 |     3 |     1 ||     7
       Distracted        |       |     1 |       ||     1
  Eat: Chunk             |     2 |    16 |     8 ||    26
Armor: Robe              |    15 |    20 |     7 ||    42
       Ring mail         |       |    20 |       ||    20
       Skin              |       |     4 |     1 ||     5
Dodge: Dodged            |    59 |   141 |    64 ||   264
